 Dungeon Crawl Stone Soup version 0.30-a0-949-g53dc5368d7 (webtiles) character file.

Game seed: 11678179511506484786

7991 Conn the Arsonist (level 11, -3/65 HPs)
             Began as an Octopode Fire Elementalist on Mar 27, 2023.
             Was a Believer of Sif Muna.
             Slain by a sixfirhy (11 damage)
             ... on level 11 of the Dungeon.
             The game lasted 00:36:01 (9553 turns).

Conn the Arsonist (Octopode Fire Elementalist)      Turns: 9553, Time: 00:36:09

Health: -3/65      AC:  4    Str:  7      XL:     11   Next: 23%
Magic:  17/33      EV: 13    Int: 22      God:    Sif Muna [**....]
Gold:   1936       SH:  5    Dex: 12 (13) Spells: 13/29 levels left

rFire   . . .      SeeInvis +    J - staff of poison
rCold   . . .      Faith    .    t - +1 buckler {AC+3}
rNeg    . . .      Spirit   .    (helmet restricted)
rPois   +          Reflect  .    p - amulet of magic regeneration
rElec   .          Rampage  .    y - ring of flight
rCorr   .                        F - ring of see invisible
Will    .....                    N - ring of magical power
Stlth   ++++                     (no ring)
HPRegen 0.30/turn                (no ring)
MPRegen 0.63/turn                (no ring)
                                 (no ring)
                                 (no ring)

@: about to teleport, spiked, flying
A: almost no armour, amphibious, 8 rings, camouflage 1, gelatinous body 1,
(nimble swimmer 1), tentacles
a: Renounce Religion, Channel Magic


You were on level 11 of the Dungeon.
You worshipped Sif Muna.
Sif Muna was pleased with you.
You visited 2 branches of the dungeon, and saw 12 of its levels.
You also visited: Ossuary.

You collected 1936 gold pieces.

Inventory:

Hand Weapons
 b - a +0 short sword
 l - a +2 heavy trident
 n - a +6 spear
Missiles
 x - 6 curare-tipped darts
Armour
 q - an orb of light
 t - a +1 buckler of protection (worn)
Magical Staves
 J - a staff of poison (weapon)
Jewellery
 p - an amulet of magic regeneration (around mantle)
 r - an amulet of the acrobat
 y - a ring of flight (left tentacle)
 F - a ring of see invisible (right tentacle)
 N - a ring of magical power (on tentacle)
Wands
 j - a wand of iceblast (21)
 w - a wand of flame (79)
 C - a wand of mindburst (15)
 K - a wand of polymorph (7)
 L - a wand of acid (8)
Scrolls
 e - a scroll of butterflies
 f - 6 scrolls of teleportation
 i - 4 scrolls of blinking
 o - 2 scrolls of poison
 u - 2 scrolls of fear
 v - a scroll of amnesia
 D - a scroll of silence
 E - a scroll of fog
 M - a scroll of enchant weapon
Potions
 a - 2 potions of magic
 c - 5 potions of heal wounds
 d - a potion of lignification
 g - 4 potions of attraction {unknown}
 h - 2 potions of berserk rage
 k - 2 potions of brilliance {unknown}
 m - a potion of haste {unknown}
 s - 3 potions of curing {unknown}
 z - 2 potions of cancellation {unknown}
 A - a potion of flight {unknown}
 B - a potion of might
 G - a potion of ambrosia {unknown}
 H - a potion of mutation {unknown}
 I - 2 potions of degeneration {unknown}


   Skills:
 + Level 2.3 Fighting
 + Level 3.4 Polearms
 + Level 2.9 Dodging
 - Level 5.8 Stealth
 * Level 2.1 Shields
 + Level 9.9 Spellcasting
 + Level 5.2 Conjurations
 + Level 2.3 Hexes
 * Level 2.2 Summonings
 + Level 10.0 Fire Magic
 * Level 2.3 Ice Magic


You had 13 spell levels left.
You knew the following spells:

 Your Spells              Type           Power      Damage    Failure   Level
a - Foxfire               Conj/Fire      100%       2x1d9     1%          1
b - Ozocubu's Armour      Ice            21%        N/A       10%         3
c - Inner Flame           Hex/Fire       38%        N/A       1%          3
d - Flame Wave            Conj/Fire      44%        2d11      3%          4
e - Scorch                Fire           100%       2d10      1%          2
f - Call Canine Familiar  Summ           20%        N/A       10%         3

Your spell library contained the following spells:

 Spells                   Type           Power      Damage    Failure   Level
 Kindle Blastsparks       Fire/Tloc/Air  50%        2d14      6%          3
 Apportation              Tloc           20%        N/A       9%          1
 Beastly Appendage        Tmut           20%        N/A       9%          1
 Frozen Ramparts          Ice            42%        1d7       10%         3
 Sublimation of Blood     Necr           10%        N/A       12%         2
 Wereblood                Tmut           10%        N/A       12%         2
 Portal Projectile        Hex/Tloc       32%        N/A       16%         3
 Spider Form              Tmut/Pois      16%        N/A       24%         3
 Vhi's Electric Charge    Tloc/Air       20%        N/A       24%         3
 Summon Ice Beast         Ice/Summ       21%        N/A       30%         4
 Ice Form                 Ice/Tmut       15%        N/A       45%         4
 Leda's Liquefaction      Hex/Erth       8%         N/A       45%         4
 Arcjolt                  Conj/Air       11%        1d21      58%         5
 Irradiate                Conj/Tmut      11%        3d15      58%         5
 Petrify                  Tmut/Erth      10%        N/A       63%         4
 Alistair's Intoxication  Tmut/Pois      10%        N/A       92%         5
 Ozocubu's Refrigeration  Ice            10%        4d9       100%        7
 Maxwell's Capacitive Co  Air            5%         ∞         100%        8


Dungeon Overview and Level Annotations

Branches:
Dungeon (11/15)            Temple (1/1) D:6            Lair (0/5) D:8
Ossuary (visited)
    Orc: D:9-12

Altars:
Ashenzari
Dithmenos
Fedhas
Gozag
Hepliaklqana
Kikubaaqudgha
Makhleb
Nemelex Xobeh
Okawaru
Qazlal
Ru
Sif Muna
Trog
Uskayaw
Vehumet
Wu Jian
Xom
Zin
The Shining One

Shops:
D:2 :   D:8 :

Annotations:
D:5 2 transporters
D:10 1 transporter


Innate Abilities, Weirdness & Mutations

You cannot wear most types of armour.
You are amphibious.
You can wear up to eight rings at the same time.
Your skin changes colour to match your surroundings (Stealth+).
Your rubbery body absorbs attacks. (AC +1, EV +1)
((You are camouflaged when in or above water. (Stealth+)))
You have tentacles for arms and can constrict up to eight enemies at once.


Message History

You block the sixfirhy's attack.
Casting: Scorch (safe; 1% risk of failure)
Confirm with . or Enter, or press ? or * to list all spells.
Casting: Flame Wave (dangerous; 3% risk of failure)
Press: ? - help, Dir - look around, f - activate A wave of flame ripples out!
The flame wave engulfs the sixfirhy!
The sixfirhy is moderately wounded.
The flame wave engulfs the orc warrior!!
The orc warrior is burned terribly!
The orc warrior is almost dead. (Press . to intensify the flame waves.)
The sixfirhy hits you. The sixfirhy shocks you! The sixfirhy misses you.
The orc warrior hits you with a +0 hand axe.
The red devil hits you from afar with a +0 trident!
* * * LOW HITPOINT WARNING * * *
Barbed spikes become lodged in your body.
Unknown command.
Okay, then.
Blink to where?
Press: ? - help, Dir - move target Your icy armour will break if you move.
Continue?
Your icy armour cracks and falls away as you move.
As you read the scroll of blinking, it crumbles to dust.
Casting: Flame Wave (dangerous; 3% risk of failure)
Confirm with . or Enter, or press ? or * to list all spells.
Aiming: Inner Flame (safe; 1% risk of failure)
Press: ? - help, Dir - move target, f - orc warrior
Aim: an orc warrior, wielding a +0 hand axe and wearing a +0 plate armour (translocational energy, almost dead, more vulnerable to fire, chance to affect: 88%)
The orc warrior is filled with an inner flame.
Aiming: Iceblast
Press: ? - help, Shift-Dir - straight line, f - red devil, p - orc warrior
Aim: a red devil, wielding a +0 trident (heavily wounded)
Okay, then.
As you read the scroll of teleportation, it crumbles to dust.
You feel strangely unstable.
The orc warrior is no longer more vulnerable to fire.
The sixfirhy hits you.
* * * LOW HITPOINT WARNING * * *
The sixfirhy shocks you!
You die...

......... .........
.)..<.... ......[..
.h....... ..34...∩.
..3...... ..3......
######### #.#####..
#..@....# #.## .# #...3...#
#<.## #.## #.......#
....####..####.......###
....##.......#...#.....#
....##.......#.#.#o4...###.
.#..##.......#.#.#W........
.#...........#.#.#.........
...###.......#.#.#.........


You could see a sixfirhy, a wraith, a red devil and an orc warrior (inner
flame).

Vanquished Creatures
  2 two-headed ogres
  Pikel (D:7)
  An ugly thing (D:11)
  Maurice (D:8)
  Joseph (D:7)
  Prince Ribbit (D:8)
  A hornet (D:9)
  3 wraiths
  4 wyverns
  A chaos spawn (D:11)
  Grum (D:8)
  Menkaure (D:7)
  A water moccasin (D:9)
  An ice beast (D:6)
  An orc warrior (D:7)
  A black bear (D:5)
  A sky beast (D:7)
  4 wolves (D:8)
  3 centaurs
  2 ogres (D:7)
  A lemure (D:7)
  2 phantoms
  A bullfrog (D:7)
  4 scorpions
  16 wights
  5 killer bees (D:9)
  8 howler monkeys
  2 quasits (D:11)
  A human zombie (Ossuary)
  6 orc priests
  2 hounds
  An iguana (D:7)
  Natasha (D:3)
  An orc wizard (D:10)
  3 mummies (Ossuary)
  13 adders
  A shadow imp (D:6)
  A white imp (D:6)
  A worm (D:2)
  A dart slug (D:3)
  12 orcs
  4 endoplasms
  2 giant cockroaches (D:3)
  6 goblins
  7 hobgoblins
  7 kobolds
  2 quokkas (D:1)
  7 ball pythons
  4 bats
  3 frilled lizards
  4 goblin zombies (Ossuary)
  4 hobgoblin zombies (Ossuary)
  2 kobold zombies (Ossuary)
  An orc zombie (Ossuary)
  2 rats (D:3)
170 creatures vanquished.

Vanquished Creatures (others)
  Natasha (D:3)
  471 foxfires
472 creatures vanquished.

Grand Total: 642 creatures vanquished

Notes
Turn   | Place    | Note
-------+----------+-------------------------------------------
     0 | D:1      | Conn the Octopode Fire Elementalist began the quest for the
                  | Orb.
     0 | D:1      | Reached XP level 1. HP: 11/11 MP: 3/3
   248 | D:1      | Reached XP level 2. HP: 17/17 MP: 0/5
   949 | D:2      | Found Puclu's Book Shop.
  1029 | D:2      | Reached XP level 3. HP: 16/21 MP: 6/6
  1498 | D:3      | Noticed a centaur
  1510 | D:3      | Killed a centaur
  1511 | D:3      | Reached skill level 4 in Fire Magic
  1511 | D:3      | Reached XP level 4. HP: 14/27 MP: 1/8
  1511 | D:3      | Reached XP level 5. HP: 16/31 MP: 1/9
  1630 | D:3      | Found a glowing silver altar of Zin.
  1638 | D:3      | Found a blossoming altar of Fedhas.
  1897 | D:3      | Found a faded altar of an unknown god.
  2055 | D:2      | Learned a level 2 spell: Scorch
  2059 | D:2      | Learned a level 3 spell: Inner Flame
  2064 | D:2      | Learned a level 4 spell: Flame Wave
  2129 | D:3      | Noticed Natasha
  2129 | D:3      | Found a shimmering altar of Xom.
  2291 | D:3      | Killed Natasha
  2407 | D:3      | Reached XP level 6. HP: 31/37 MP: 2/11
  2969 | D:3      | Noticed Natasha
  2973 | D:3      | Killed Natasha
  3071 | D:4      | Reached skill level 5 in Fire Magic
  3072 | D:4      | Reached XP level 7. HP: 42/42 MP: 8/12
  3593 | D:5      | Entered Level 5 of the Dungeon
  3594 | D:5      | Found a shadowy altar of Dithmenos.
  3693 | D:5      | Found a transporter.
  3711 | D:5      | Found a transporter.
  4185 | D:6      | Found a staircase to the Ecumenical Temple.
  4194 | Temple   | Entered the Ecumenical Temple
  4222 | Temple   | Became a worshipper of Sif Muna the Loreminder
  4251 | D:6      | Reached skill level 6 in Fire Magic
  4251 | D:6      | Reached XP level 8. HP: 40/47 MP: 10/15
  4262 | D:6      | Reached skill level 1 in Fighting
  4322 | D:6      | Reached skill level 5 in Spellcasting
  4433 | D:6      | Found a sparkling altar of Nemelex Xobeh.
  4492 | D:6      | Found a broken altar of Ashenzari.
  4647 | D:6      | Found a sand-covered staircase.
  4656 | Ossuary  | Entered an ossuary
  4656 | Ossuary  | Noticed a wraith
  4656 | Ossuary  | Noticed a wraith
  4656 | Ossuary  | Noticed a wraith
  4886 | Ossuary  | Reached skill level 1 in Polearms
  5105 | Ossuary  | Noticed a wraith
  5109 | Ossuary  | Killed a wraith
  5110 | Ossuary  | Reached skill level 1 in Hexes
  5110 | Ossuary  | Reached skill level 7 in Fire Magic
  5221 | D:6      | Identified a scroll of acquirement
  5221 | D:6      | Acquired a +1 buckler of protection
  5305 | D:6      | Found an opulent altar of Gozag.
  5432 | D:6      | Reached skill level 5 in Stealth
  5432 | D:6      | Reached XP level 9. HP: 53/53 MP: 13/18
  5545 | D:6      | Acquired 1234 gold pieces
  5701 | D:7      | Reached * piety under Sif Muna
  5803 | D:7      | Noticed Joseph
  5812 | D:7      | Killed Joseph
  5999 | D:7      | Noticed Menkaure
  6006 | D:7      | Killed Menkaure
  6009 | D:7      | Reached skill level 8 in Fire Magic
  6572 | D:7      | Noticed Pikel
  6578 | D:7      | Killed Pikel
  6579 | D:7      | Reached XP level 10. HP: 57/60 MP: 19/22
  6750 | D:7      | Reached skill level 9 in Fire Magic
  6827 | D:7      | Found an iron altar of Okawaru.
  6981 | D:8      | Noticed Grum
  6983 | D:8      | Noticed Prince Ribbit
  6991 | D:8      | Killed Prince Ribbit
  6993 | D:8      | Killed Grum
  7025 | D:8      | Noticed Maurice
  7164 | D:8      | Found a staircase to the Lair.
  7271 | D:8      | Found a hide-covered altar of Uskayaw.
  7317 | D:8      | Killed Maurice
  7317 | D:8      | Reached ** piety under Sif Muna
  7353 | D:8      | Found Ciastri Sennu's Book Boutique.
  7574 | D:9      | Noticed a two-headed ogre
  7580 | D:9      | Killed a two-headed ogre
  7581 | D:9      | Reached skill level 5 in Conjurations
  7748 | D:9      | Learned a level 3 spell: Ozocubu's Armour
  7752 | D:9      | Learned a level 3 spell: Call Canine Familiar
  8268 | D:9      | Found a burning altar of Makhleb.
  8274 | D:9      | Reached skill level 1 in Summonings
  8439 | D:9      | Reached skill level 1 in Shields
  8443 | D:9      | Reached skill level 1 in Ice Magic
  8443 | D:9      | Reached XP level 11. HP: 51/64 MP: 14/24
  8567 | D:10     | Entered Level 10 of the Dungeon
  8604 | D:10     | Found a transporter.
  8605 | D:10     | Found a transporter.
  8607 | D:10     | Found a transporter.
  8608 | D:10     | Found a transporter.
  8739 | D:10     | Noticed a two-headed ogre
  8745 | D:10     | Killed a two-headed ogre
  9158 | D:10     | Noticed a two-headed ogre
  9258 | D:10     | Found a stormy altar of Qazlal.
  9263 | D:10     | Found an ancient bone altar of Kikubaaqudgha.
  9268 | D:10     | Found a glowing golden altar of the Shining One.
  9395 | D:11     | Noticed a soul eater
  9403 | D:11     | Noticed a sun demon
  9416 | D:11     | Noticed a white ugly thing
  9527 | D:11     | Killed a white ugly thing
  9528 | D:11     | Reached skill level 10 in Fire Magic
  9542 | D:11     | Noticed a sixfirhy
  9553 | D:11     | Slain by a sixfirhy

Illustrated notes

Levels and vault maps discovered:
D:1:      tarquinn_simple_flora_water_f, layout_loops_cross, minmay_tetromino_i4
D:2:      layout_basic, serial_shops, nicolae_shop_crystal
D:3:      layout_basic, xom_confusion_cloud, minitemple, basic_ecumenical_altar,
          uniq_natasha
D:4:      layout_rooms
D:5:      gammafunk_steamed_eel, layout_basic,
          nicolae_dithmenos_through_a_glass_darkly
D:6:      layout_loops_corners, pf_just_have_faith,
          mainiacjoe_overflow_surrounded_room, grunt_gozag_statues,
          minmay_temple_entry_antechambers, nicolae_ossuary_entry_ruins,
          grunt_ministairs_9
D:7:      layout_loops_corners, hellmonk_okawaru_the_only_friend_you_need,
          uniq_pikel, uniq_joseph, uniq_menkaure
D:8:      layout_cave_pools, mainiacjoe_overflow_24_doors, dpeg_oklobed_lair,
          serial_shops, shop, uniq_prince_ribbit1, uniq_grum, uniq_maurice
D:9:      layout_loops_ring, marbit_many_paths
D:10:     nicolae_cairo_tiling_large_dashed, layout_cave_pools,
          minmay_overflow_temple_star_quad, nicolae_diode_quadrants
D:11:     layout_rooms, serial_demonic, serial_demonic_f, serial_demonic_d,
          serial_demonic_d, serial_demonic_a, serial_demonic_f,
          serial_demonic_d, serial_demonic_a, lemuel_another_geyser
Temple:   dpeg_three_leaves_temple

Skill      XL: |  1  2  3  4  5  6  7  8  9 10 11 |
---------------+----------------------------------+-----
Stealth        | 3 4 5 |  5.8
Spellcasting   | 3 4 6 8 9 |  9.9
Conjurations   | 2 3 4 5 |  5.2
Fire Magic     | 4 5 6 7 8 9 10 | 10.0
Fighting       | 1 2 |  2.3
Polearms       | 2 3 |  3.4
Hexes          | 1 2 |  2.3
Summonings     | 1 2 |  2.2
Shields        | 1 2 |  2.1
Ice Magic      | 1 2 |  2.3
Dodging        | |  2.9

Action                     |  1- 3 |  4- 6 |  7- 9 | 10-12 || total
---------------------------+-------+-------+-------+-------++-------
  Melee: Tentacles         |     6 |       |     5 |       ||    11
         Unarmed           |     1 |       |       |       ||     1
         Short sword       |    12 |       |       |       ||    12
         Constrict         |     3 |       |    10 |     2 ||    15
         Trident           |       |     3 |    28 |     7 ||    38
         Punch             |       |       |     1 |       ||     1
   Cast: Foxfire           |    52 |    58 |    96 |    68 ||   274
         Scorch            |       |    10 |    49 |    36 ||    95
         Inner Flame       |       |     2 |    17 |     6 ||    25
         Flame Wave        |       |       |     2 |    13 ||    15
         Ozocubu's Armour  |       |       |       |     3 ||     3
         Call Canine Famil |       |       |       |     2 ||     2
  Evoke: Wand              |       |       |       |     1 ||     1
    Use: Scroll            |     4 |     1 |    11 |     4 ||    20
         Potion            |       |     2 |       |     1 ||     3
   Stab: Sleeping          |       |     2 |     2 |       ||     4
 Armour: Skin              |     3 |       |     4 |     6 ||    13
  Dodge: Dodged            |     9 |     1 |    29 |    26 ||    65
  Block: Buckler           |       |       |     1 |    12 ||    13

Table legend: (Time is in decaauts)
 A = Elapsed time spent in this place.
 B = Non-inter-level travel time spent in this place.
 C = Inter-level travel time spent in this place.
 D = Time resting spent in this place.
 E = Time spent auto-exploring this place.
 F = Levels seen in this place.
 G = Mean time per level.
                   A        B        C        D        E       F      G
               +--------+--------+--------+--------+--------+-----+--------+
         Total |   9599 |   9391 |    208 |    233 |   5942 |  13 |  738.4 |
       Dungeon |   8980 |   8772 |    208 |    229 |   5705 |  11 |  816.4 |
        Temple |     49 |     49 |      0 |      0 |     10 |   1 |   49.0 |
       Ossuary |    569 |    569 |      0 |      4 |    227 |   1 |  569.0 |
               +--------+--------+--------+--------+--------+-----+--------+

Top non-repeatable levels by time:
     D:3: 1345 daAuts
     D:7: 1218 daAuts
     D:9: 1034 daAuts
     D:6: 915 daAuts
     D:2: 874 daAuts
    D:10: 841 daAuts
     D:1: 802 daAuts
     D:8: 667 daAuts
     D:4: 589 daAuts
     D:5: 575 daAuts
 Ossuary: 569 daAuts
    D:11: 115 daAuts
  Temple: 49 daAuts
